Map: Cyber Forest LE

Players

Goosboow

  • Race: Terran Terran
  • League: Platinum
  • Spawn Location: 5:00

ghostdog - Winner!

  • Race: Protoss Protoss
  • League: Platinum
  • Spawn Location: 11:00

VOD

Have the link to the VOD?

Description

Time

  • Played on: June 10, 2019, 5:41 p.m.
  • Length: 12:21
Show
View Real Time Build Order
Export as new Build Order

Goosboow Terran 

Build Orders:  

Get SALT Encoding   

  12  0:01  SCV  
  13  0:13  SCV  
  14  0:18  Supply Depot  
  14  0:25  SCV  
  15  0:42  Barracks  
  15  0:47  Refinery  
  15  0:49  SCV  
  16  1:02  Barracks  
  16  1:06  SCV  
  17  1:27  SCV  
  17  1:29  Barracks Tech Lab  
  18  1:40  SCV  
  19  1:50  Marauder  
  21  2:05  Bunker, Barracks Reactor  
  21  2:10  Orbital Command  
  21  2:13  Marauder  
  23  2:26  Supply Depot  
  22  2:48  Marauder  
  23  2:54  Marine x2  
  23  2:55  SCV  
  26  3:01  Factory  
  26  3:06  Supply Depot  
  26  3:07  SCV  
  27  3:31  Marauder, Marine x2  
  23  3:57  Marine  
  23  3:58  Marauder, Marine  
  23  4:00  Factory Tech Lab  
  27  4:05  SCV  
  27  4:06  Starport  
  28  4:12  Engineering Bay  
  28  4:16  Refinery  
  28  4:18  Concussive Shells  
  28  4:20  Marine x2  
  28  4:22  Marauder  
  23  5:00  Marauder, Marine x2  
  23  5:03  Combat Shield  
  26  5:10  SCV  
  27  5:16  Command Center  
  27  5:19  Liberator  
  27  5:21  Marine x2, Barracks  
  27  5:23  Marauder  
  27  5:24  Barracks  
  31  5:31  SCV  
  32  5:41  Marine x2  
  37  5:56  Supply Depot  
  37  5:58  Supply Depot  
  37  6:02  Marauder  
  39  6:13  Barracks Tech Lab  
  39  6:14  Barracks Reactor  
  39  6:18  SCV  
  40  6:19  Terran Infantry Weapons Level 1  
  40  6:30  Orbital Command  
  40  6:33  SCV  
  40  6:35  Marine  
  42  6:42  Stimpack, Starport Reactor  
  42  7:18  Marauder, Marine x5  
  49  7:23  Siege Tank  
  51  7:51  Marauder x2, Marine x3  
  53  7:52  Marine  
  42  8:09  Marine  
  35  8:17  Orbital Command  
  32  8:25  Marauder  
  19  9:03  Marauder  
  19  9:04  Marine x2  
  22  9:32  Marauder  
  22  9:51  Orbital Command  
  22  9:58  Supply Depot  
  22  10:01  Supply Depot  
  20  10:23  Factory Tech Lab, SCV  
  21  10:36  SCV  
  21  10:41  Refinery  
  22  10:44  Refinery  
  22  10:49  SCV  
  23  10:57  Marine  
  23  10:58  Marine x5  
  29  11:11  SCV  
  29  11:17  Marine x3  
  29  11:18  Marine x3  
  36  11:24  Supply Depot  
  36  11:26  Supply Depot  
  36  11:28  SCV  
  37  11:42  SCV  
  37  11:43  Command Center  
Show
View Real Time Build Order
Export as new Build Order

ghostdog Protoss - Winner!

Build Orders:  

Get SALT Encoding   

  12  0:01  Probe  
  13  0:13  Probe  
  14  0:17  Pylon  
  14  0:25  Probe  
  15  0:36  Gateway  
  15  0:38  Probe  
  16  0:46  Probe  
  16  0:49  Assimilator  
  17  1:02  Gateway  
  17  1:03  Probe  
  18  1:18  Probe  
  18  1:28  Cybernetics Core  
  18  1:32  Pylon  
  18  1:33  Probe  
  19  1:40  Zealot  
  19  1:45  Probe  
  22  1:55  Stalker  
  22  1:57  Probe  
  25  2:19  Probe  
  26  2:22  Assimilator  
  26  2:52  Zealot x2  
  30  3:06  Gateway  
  30  3:20  Pylon  
  28  3:57  Zealot  
  28  3:58  Pylon, Warp Gate  
  30  4:14  Stalker x2, Pylon  
  30  4:34  Robotics Facility  
  30  4:36  Sentry  
  30  5:09  Zealot  
  30  5:10  Zealot x2  
  36  5:31  Pylon  
  36  5:32  Pylon  
  36  5:35  Shield Battery  
  36  5:40  Immortal  
  36  5:47  Stalker  
  42  5:51  Zealot x2  
  46  5:57  Pylon  
  46  6:18  Observer  
  46  6:25  Nexus  
  47  6:35  Pylon  
  47  6:53  Stalker x2  
  47  6:54  Stalker, Twilight Council  
  36  8:20  Zealot  
  27  8:44  Immortal  
  31  8:57  Charge  
  31  9:20  Zealot  
  33  9:28  Gateway  
  33  9:38  Immortal  
  37  9:41  Probe  
  38  9:53  Probe  
  35  10:11  Immortal  
  33  10:15  Gateway  
  33  10:18  Gateway  
  32  10:21  Gateway  
  35  10:33  Zealot  
  35  10:34  Zealot  
  39  10:36  Nexus  
  39  10:45  Cybernetics Core  
  39  11:13  Pylon  
  39  11:15  Probe  
  40  11:19  Warp Prism  
  42  11:27  Probe  
Tags
 
Add a new tag
Caveats
  • Supply blocks, unpowered buildings, or Contaminate may cause inaccurate times.
  • Supply counts are checked every 10 seconds.